 Dungeon Crawl Stone Soup version 0.32-a0-938-g40ac7a0f4d (webtiles) character file.

Game seed: 2149265420290651240

69 Shayle the Apothecary (level 4, 0/32 HPs)
             Began as a Coglin Alchemist on Apr 15, 2024.
             Slain by an adder (2 damage)
             ... on level 2 of the Dungeon.
             The game lasted 00:05:44 (1411 turns).

Shayle the Apothecary (Coglin Alchemist)            Turns: 1411, Time: 00:05:45

Health: 0/32       AC:  2    Str:  9    XL:     4   Next: 20%
Magic:  7/7        EV: 11    Int: 16    God:
Gold:   25         SH:  0    Dex: 14    Spells: 6/7 levels left

rFire   . . .        f - +0 sling {Diego}
rCold   . . .        h - +0 sling {Iltani}
rNeg    . . .        a - +0 robe
rPois   .            (no helmet)
rElec   .            (no cloak)
rCorr   .            (no gloves)
SInv    .            (no boots)
Will    .....        (amulet unavailable)
Stlth   ++           (ring unavailable)
HPRegen 0.25/turn    (ring unavailable)
MPRegen 0.10/turn    (no gizmo)

%: no passive effects
@: lethally poisoned (0 -> -6), revved
A: off-hand wielding, slow wielding, warmup strikes, no jewellery
a: Invent Gizmo


You were on level 2 of the Dungeon.
You visited 1 branch of the dungeon, and saw 2 of its levels.

You collected 25 gold pieces.

Inventory:

Hand Weapons
 c - a +0 dagger {Dongyul}
 d - a +0 short sword {Dube}
 f - a +0 sling (weapon) {Diego}
 h - a +0 sling (offhand) {Iltani}
Armour
 a - a +0 robe (worn)
Scrolls
 e - a scroll of teleportation {unknown}
 g - a scroll of immolation {unknown}
Potions
 b - a potion of magic


   Skills:
 + Level 1.6 Fighting
 + Level 2.4 Dodging
 - Level 1.5 Stealth
 + Level 2.3 Spellcasting
 + Level 1.9 Conjurations
 - Level 3.2 Alchemy


You had 6 spell levels left.
You knew the following spells:

 Your Spells              Type           Power      Damage    Failure   Level
a - Sting                 Conj/Alch      40%        1d5       7%          1

Your spell library contained the following spells:

 Spells                   Type           Power      Damage    Failure   Level
 Mercury Vapours          Alch/Air       14%        N/A       16%         2
 Apportation              Tloc           2%         N/A       21%         1
 Necrotise                Necr           4%         1d4       21%         1
 Summon Small Mammal      Summ           4%         N/A       21%         1
 Momentum Strike          Conj/Tloc      8%         3d8       21%         2
 Blink                    Tloc           2%         N/A       30%         2
 Lesser Beckoning         Tloc           2%         N/A       30%         2
 Mephitic Cloud           Conj/Alch/Air  7%         N/A       30%         3
 Olgreb's Toxic Radiance  Alch           12%        N/A       45%         4
 Sticky Flame             Fire/Alch      7%         2d4       71%         4
 Dispersal                Tloc           0%         N/A       100%        6
 Gell's Gavotte           Tloc           0%         2d(11-16) 100%        6
 Manifold Assault         Tloc           0%         N/A       100%        7
 Disjunction              Tloc           0%         N/A       100%        8


Dungeon Overview and Level Annotations

Branches:
Dungeon (2/15)

Altars:

Shops:
D:1 :


Innate Abilities, Weirdness & Mutations

You can wield a second weapon in your off-hand.
It takes a long time for you to wield or remove held weapons.
Your first few attacks do less damage.
You cannot equip rings or amulets.


Message History

You feel very sick. The adder bites you. The adder closely misses you.
You shoot a sling bullet. The sling bullet hits the adder.
The adder is heavily wounded.
You shoot a sling bullet.
The sling bullet barely misses the adder.
The sling bullet closely misses the adder.
You feel sick. The adder barely misses you.
Unknown command.
Okay, then.
Unknown command.
You shoot a sling bullet.
The sling bullet closely misses the adder. x2
You shoot a sling bullet.
The sling bullet closely misses the adder.
The sling bullet hits the adder.
The adder is lightly wounded.
You feel sick. The adder bites you.
* * * LOW HITPOINT WARNING * * *
The adder closely misses you.
You shoot a sling bullet. The sling bullet misses the adder.
The sling bullet hits the adder.
The adder is severely wounded.
You shoot a sling bullet.
The sling bullet barely misses the adder.
The sling bullet hits the adder.
You kill the adder!
You feel sick. The adder misses you. The adder barely misses you.
You shoot a sling bullet.
The sling bullet closely misses the adder.
The sling bullet closely misses the ball python.
You shoot a sling bullet. The sling bullet hits the adder.
The adder is almost dead.
You feel sick.
You are no longer poisoned.
The adder bites you.
* * * LOW HITPOINT WARNING * * *
You are lethally poisoned!
The adder poisons you! The adder bites you.
You die...

.....#########.
...............#.# #..
...####.######...# .. .
...####.##### #.# ..#...
............# #.# ......
.........†..####.#
####.#...#
..............##.#
#........#
............#.##.#
#.S.......
####..........##@#
#).......#
#..........##S#####.......~.
#............S..S...........
#..........................~
#...................######.~
#........<..........# ~
#...................#
...................#
..................#


You could see an adder and a ball python.

Vanquished Creatures
  A gnoll (D:1)
  An adder (D:2)
  2 ribbon worms (D:2)
  2 giant cockroaches
  5 goblins (D:1)
  4 hobgoblins (D:1)
  3 jackals (D:1)
  2 quokkas (D:1)
  9 ball pythons
  4 bats
  3 frilled lizards (D:1)
  5 kobolds (D:1)
  2 rats (D:1)
43 creatures vanquished.

Notes
Turn   | Place    | Note
-------+----------+-------------------------------------------
     0 | D:1      | Shayle the Coglin Alchemist began the quest for the Orb.
     0 | D:1      | Reached XP level 1. HP: 13/13 MP: 3/3
   145 | D:1      | Reached skill level 1 in Conjurations
   248 | D:1      | Reached XP level 2. HP: 19/20 MP: 4/4
   279 | D:1      | Noticed a walking divine tome
   281 | D:1      | Found Cop Vish's Book Emporium.
   283 | D:1      | Noticed a walking crystal tome
   502 | D:1      | Reached skill level 1 in Fighting
   514 | D:1      | Reached XP level 3. HP: 26/26 MP: 4/6
  1336 | D:2      | Reached XP level 4. HP: 22/32 MP: 7/7
  1411 | D:2      | Slain by an adder

Illustrated notes

Levels and vault maps discovered:
D:1:      minmay_arrival_doors, layout_basic, serial_forest,
          infiniplex_forest_clump_large, infiniplex_forest_lined_4_way,
          infiniplex_forest_lined_3, infiniplex_forest_pool,
          infiniplex_forest_clump_double, infiniplex_forest_straight_1,
          serial_shops, nicolae_shop_mannequins
D:2:      layout_basic, chequers_ecumenical_altar_island, minivault_27,
          minmay_increasing_density

Skill      XL: |  1  2 |
---------------+-------+-----
Conjurations   | 1 |  1.9
Dodging        | 2 |  2.4
Spellcasting   | 2 |  2.3
Fighting       | 1 |  1.6
Stealth        | |  1.5
Alchemy        | |  3.2

Action                     |  1- 3 |  4- 6 || total
---------------------------+-------+-------++-------
  Melee: Short sword       |    56 |       ||    56
         Dagger            |    48 |       ||    48
         Unarmed           |     2 |       ||     2
   Fire: Sling             |    66 |    24 ||    90
   Cast: Sting             |    21 |       ||    21
 Armour: Robe              |    40 |    11 ||    51
  Dodge: Dodged            |    72 |     8 ||    80

Table legend: (Time is in decaauts)
 A = Elapsed time spent in this place.
 B = Non-inter-level travel time spent in this place.
 C = Inter-level travel time spent in this place.
 D = Time resting spent in this place.
 E = Time spent auto-exploring this place.
 F = Levels seen in this place.
 G = Mean time per level.
                   A        B        C        D        E       F      G
               +--------+--------+--------+--------+--------+-----+--------+
         Total |   1430 |   1404 |     26 |     74 |    888 |   2 |  715.0 |
       Dungeon |   1430 |   1404 |     26 |     74 |    888 |   2 |  715.0 |
               +--------+--------+--------+--------+--------+-----+--------+

Top non-repeatable levels by time:
     D:1: 1277 daAuts
     D:2: 152 daAuts
